AoeStats
← SaberikS

Nomad

503684067Analyzed
4v4 RM · 1mo ago on Sep 1, 2026· 74m 15s· 8 players
Game mode
Random Map
Map size
231×231
Population
200
Speed
Normal
Resources
Standard
Victory
Conquest
Starting age
Dark Age
Ending age
Imperial Age
RankedLock teamsTeams togetherTeam positionsShared explorationLock speedFull tech treeHidden civsTurbo modeCheats
Victory
Defeat
🇺🇸 Malay · United States
1120
+16
🇧🇷 Romans · Brazil
1078
+18
🇪🇸 Huns · Spain
1052
+19
🇹🇷 Japanese · Türkiye
1046
+19
🇹🇷 Britons · Türkiye
1211
-22
🇹🇷 Mongols · Türkiye
1198
-21
🇹🇷 Japanese · Türkiye
1056
-15
🇹🇷 Huns · Türkiye
1000
-13
Steppo
4:19 Loom
15:25 Feudal Age
15:04 Fishing Lines
15:11 Town Watch
17:20 Double-Bit Axe
21:31 Castle Age
20:01 Gold Mining
20:11 Fletching
21:19 Bodkin Arrow
22:48 Medium Warships
23:08 Clinker Construction
24:30 Wheelbarrow
24:19 Ballistics
24:42 Stone Mining
25:33 Careening
25:58 Husbandry
25:18 Light Cavalry
28:20 Hand Cart
34:32 Bow Saw
36:25 Gold Shaft Mining
37:05 Stone Shaft Mining
36:25 Gillnets
42:23 Thumb Ring
42:47 Treadmill Crane
43:03 Murder Holes
43:19 Masonry
43:19 Elite Skirmisher
47:44 Imperial Age
45:16 Thalassocracy
45:23 Padded Archer Armor
45:33 Forging
45:29 Scale Barding Armor
44:47 Crossbowman
47:32 Conscription
47:13 Forced Levy
47:58 Bracer
48:13 Leather Archer Armor
48:34 Iron Casting
52:57 Siege Engineers
53:13 Carvel Hull
53:14 Dry Dock
52:45 Guard Tower
54:02 Blast Furnace
53:32 Ring Archer Armor
53:19 Elite Karambit Warrior
60:04 Squires
59:50 Arson
59:48 Man-at-Arms
59:49 Pikeman
60:53 Long Swordsman
60:54 Halberdier
61:39 Two-Handed Swordsman
70:58 Chemistry
CapitaoPlaneta
4:53 Loom
17:55 Feudal Age
18:23 Double-Bit Axe
19:19 Man-at-Arms
20:09 Fishing Lines
20:59 Scale Mail Armor
21:10 Forging
25:24 Town Watch
27:45 Castle Age
26:45 Fletching
26:56 Padded Archer Armor
27:03 Scale Barding Armor
28:42 Gillnets
29:10 Chain Mail Armor
28:17 Long Swordsman
28:58 Squires
29:35 Iron Casting
29:47 Pikeman
31:55 Bow Saw
35:11 Wheelbarrow
34:37 Town Patrol
47:21 Imperial Age
45:15 Bodkin Arrow
46:12 Gold Mining
46:14 Stone Mining
46:44 Horse Collar
47:40 Ballistics
47:37 Leather Archer Armor
46:43 Elite Skirmisher
48:25 Conscription
49:33 Chemistry
47:55 Capped Ram
49:21 Ring Archer Armor
48:48 Murder Holes
51:04 Heavy Plow
52:06 Blast Furnace
51:35 Legionary
53:51 Blast Furnace
53:35 Halberdier
56:31 Hand Cart
59:13 Comitatenses
60:07 Chain Barding Armor
63:39 Plate Barding Armor
63:17 Masonry
63:12 Siege Engineers
63:11 Husbandry
63:22 Bloodlines
62:32 Light Cavalry
63:39 Sappers
64:38 Elite Centurion
67:37 Crop Rotation
68:04 Gold Shaft Mining
66:57 Cavalier
67:48 Ballistas
67:06 Heavy Scorpion
71:52 Fortified Wall
72:13 Architecture
El Jonan de Baraka
4:03 Loom
18:11 Feudal Age
19:12 Gold Mining
19:13 Double-Bit Axe
19:24 Fishing Lines
21:54 Castle Age
20:11 Stone Mining
20:36 Fletching
23:11 Bow Saw
23:56 Bloodlines
23:46 Husbandry
23:49 Gillnets
26:29 Wheelbarrow
26:52 Light Cavalry
29:40 Medium Warships
33:52 Horse Collar
35:51 Marauders
38:11 Town Watch
39:41 Hand Cart
40:39 Gold Shaft Mining
40:18 Forging
40:14 Scale Barding Armor
40:46 Scale Mail Armor
44:26 Imperial Age
42:29 Heavy Plow
43:30 Squires
43:16 Arson
43:58 Chain Barding Armor
44:15 Iron Casting
43:38 Bodkin Arrow
43:59 Chain Mail Armor
45:52 Conscription
47:34 Bracer
47:35 Padded Archer Armor
48:35 Thumb Ring
47:50 Elite Skirmisher
49:28 Plate Barding Armor
49:56 Blast Furnace
49:12 Leather Archer Armor
61:57 Parthian Tactics
66:38 Atheism
66:04 Heavy Cavalry Archer
Cherokee
16:28 Feudal Age
18:46 Double-Bit Axe
18:55 Horse Collar
22:20 Castle Age
23:26 Bow Saw
23:20 Heavy Plow
26:14 Pikeman
26:55 Squires
26:40 Arson
27:37 Padded Archer Armor
27:28 Fletching
28:27 Elite Skirmisher
30:01 Bodkin Arrow
31:14 Leather Archer Armor
31:34 Ballistics
31:29 Loom
41:06 Crossbowman
48:48 Imperial Age
52:31 Wheelbarrow
54:07 Wheelbarrow
55:35 Hand Cart
58:13 Scale Mail Armor
58:24 Forging
59:34 Chain Mail Armor
60:23 Iron Casting
59:14 Elite Samurai
61:33 Iron Casting
61:45 Conscription
62:00 Plate Mail Armor
63:21 Blast Furnace
62:47 Gold Mining
74:11 Capped Ram
SonGokuSan
7:46 Loom
16:15 Feudal Age
17:34 Double-Bit Axe
21:09 Castle Age
19:58 Fishing Lines
20:39 Gold Mining
21:34 Fletching
21:45 Padded Archer Armor
22:38 Bow Saw
24:38 Wheelbarrow
25:47 Thumb Ring
26:14 Bodkin Arrow
32:13 Horse Collar
33:40 Gold Shaft Mining
37:04 Ballistics
37:45 Heavy Plow
38:58 Leather Archer Armor
39:57 Stone Mining
44:58 Imperial Age
46:59 Heavy Cavalry Archer
48:05 Parthian Tactics
48:47 Stone Shaft Mining
49:59 Bloodlines
49:49 Husbandry
51:31 Elite Steppe Lancer
57:51 Conscription
59:21 Forging
59:17 Scale Barding Armor
60:02 Drill
61:08 Iron Casting
61:11 Onager
63:36 Chain Barding Armor
66:51 Bracer
68:00 Chemistry
Dr.Foley
8:44 Loom
16:52 Feudal Age
17:57 Fishing Lines
18:57 Town Watch
25:41 Castle Age
23:30 Double-Bit Axe
23:57 Gold Mining
23:58 Stone Mining
24:22 Scale Barding Armor
24:28 Forging
24:09 Fletching
24:19 Padded Archer Armor
24:21 Scale Mail Armor
27:04 Chain Barding Armor
27:19 Iron Casting
46:25 Wheelbarrow
65:07 Husbandry
72:36 Town Patrol
73:12 Wheelbarrow
73:00 Bow Saw
72:57 Horse Collar
SaberikS
17:16 Feudal Age
18:17 Man-at-Arms
23:42 Castle Age
22:56 Loom
23:54 Forging
23:45 Scale Mail Armor
25:18 Long Swordsman
38:06 Ballistics
Oranos
15:16 Feudal Age
16:18 Loom
19:20 Castle Age
17:24 Stone Mining
18:41 Double-Bit Axe
19:14 Horse Collar
20:33 Bow Saw
20:47 Fletching
21:23 Bodkin Arrow
21:32 Heavy Plow
25:18 Wheelbarrow
28:45 Hand Cart
31:15 Ballistics
33:01 Padded Archer Armor
37:08 Imperial Age
34:34 Pikeman
35:53 Yeomen
35:48 Forging
36:14 Treadmill Crane
37:06 Leather Archer Armor
37:52 Gold Mining
38:51 Bracer
40:10 Elite Longbowman
40:59 Squires
42:19 Chemistry
40:50 Halberdier
43:03 Ring Archer Armor
44:44 Conscription
44:25 Arson
45:23 Gold Shaft Mining
45:32 Scale Mail Armor
45:41 Arrowslits
49:01 Iron Casting
48:42 Chain Mail Armor
52:55 Murder Holes
54:40 Siege Engineers
56:38 Hoardings
56:37 Plate Mail Armor
57:08 Blast Furnace
57:14 Scale Barding Armor
57:24 Masonry
57:06 Guard Tower
59:45 Town Watch
59:37 Cavalier
60:18 Husbandry
60:43 Chain Barding Armor
61:59 Keep
63:42 Plate Barding Armor
Connection lost

Rejoining the realm…

Still unreachable

The connection could not be restored.

Session expired

The server has moved on; the page needs a fresh start.